 Dungeon Crawl Stone Soup version 0.28.0 (webtiles) character file.

Game seed: 6869977381253632041

6 H0rd4k the Magician (level 1, -1/10 HPs)
             Began as a Deep Elf Hedge Wizard on Feb 11, 2022.
             Slain by Jessica (3 damage)
             ... on level 2 of the Dungeon.
             The game lasted 00:00:41 (180 turns).

H0rd4k the Magician (Deep Elf Hedge Wizard)          Turns: 180, Time: 00:00:41

Health: -1/10      AC:  2    Str:  7    XL:     1   Next: 75%
Magic:  5/8        EV: 12    Int: 18    God:
Gold:   18         SH:  0    Dex: 14    Spells: 8/9 levels left

rFire   . . .      SeeInvis .   a - +0 dagger
rCold   . . .      Faith    .   (no shield)
rNeg    . . .      Spirit   .   b - +0 robe
rPois   .          Reflect  .   c - +0 hat
rElec   .          Harm     .   (no cloak)
rCorr   .          Rampage  .   (no gloves)
Will    .....                   (no boots)
Stlth   ++........              (no amulet)
HPRegen 0.03/turn               (no ring)
MPRegen 0.11/turn               (no ring)

@: no status effects
A: no striking features
a: no special abilities


You were on level 2 of the Dungeon.
You visited 1 branch of the dungeon, and saw 2 of its levels.

You collected 18 gold pieces.

Inventory:

Hand Weapons
 a - a +0 dagger (weapon)
Armour
 b - a +0 robe (worn)
 c - a +0 hat (worn)
Potions
 d - a potion of might {unknown}


   Skills:
 + Level 2.4 Dodging
 + Level 2.4 Stealth
 + Level 4.8 Spellcasting
 + Level 1.2 Conjurations
 - Level 1.1 Summonings
 + Level 1.2 Translocations


You had 8 spell levels left.
You knew the following spells:

 Your Spells              Type           Power      Damage    Failure   Level
a - Magic Dart            Conj           32%        1d4       9%          1

Your spell library contained the following spells:

 Spells                   Type           Power      Damage    Failure   Level
 Blink                    Tloc           16%        N/A       12%         2
 Call Imp                 Summ           8%         N/A       13%         2
 Slow                     Hex            16%        N/A       14%         1
 Conjure Flame            Conj/Fire      6%         6-21      32%         3
 Mephitic Cloud           Conj/Pois/Air  5%         N/A       34%         3


Dungeon Overview and Level Annotations

Branches:
Dungeon (2/15)

Altars:

Shops:
D:1 (

Annotations:
D:2 Jessica


Message History

The quokka closely misses you.
A kobold comes into view. It is wielding a +0 short sword.
The kobold shouts!
The kobold throws a stone.
The stone hits you but does no damage.
A goblin comes into view. It is wielding a +0 club.
A bat comes into view.
The kobold throws a stone.
The stone hits you but does no damage.
A hobgoblin comes into view.
The endoplasm hits you.
A ball python comes into view.
The hobgoblin shouts!
The goblin shouts!
You hear an angry hiss.
The bat hits you but does no damage. Jessica hits you with a +0 dagger.
The ball python hisses angrily.
The bat barely misses you.
A goblin comes into view. It is wielding a +0 club.
Jessica mumbles some strange words.
Jessica blinks!
The bat misses you. The bat closely misses you.
The ball python barely misses you. The ball python grabs you.
The ball python constricts you.
Unknown command.
You aren't carrying any scrolls.
The ball python's grasp on you weakens, but your attempt to escape fails.
The bat closely misses you.
A frilled lizard comes into view.
The bat barely misses you. The quokka bites you. The ball python bites you.
* * * LOW HITPOINT WARNING * * *
The ball python constricts you.
Unknown command.
You are too injured to fight recklessly!
Unknown command.
You escape the ball python's grasp.
The frilled lizard hisses angrily.
The bat closely misses you. The quokka barely misses you.
The bat barely misses you. The ball python closely misses you.
The ball python grabs you. The ball python constricts you.
* * * LOW HITPOINT WARNING * * *
You escape the ball python's grasp.
Jessica hits you with a +0 dagger.
You die...

#.............#
#.
#.............#
#.
#...J.r.......#
#.
##......J.....#
###.#..........
####g####.l.l....
#.....b.g........
#...r@S##........
#....@r# .......
######## .....


You could see Jessica, an endoplasm, 2 quokkas, a hobgoblin, a goblin, a bat, a
ball python and a frilled lizard.

Vanquished Creatures
  A goblin (D:1)
  A kobold (D:1)
  A quokka (D:1)
  A ball python (D:1)
  A bat (D:1)
  A frilled lizard (D:1)
6 creatures vanquished.

Notes
Turn   | Place    | Note
-------+----------+-------------------------------------------
     0 | D:1      | H0rd4k the Deep Elf Hedge Wizard began the quest for the
                  | Orb.
     0 | D:1      | Reached XP level 1. HP: 10/10 MP: 7/7
    56 | D:1      | Found Amnuh's Weapon Shop.
   153 | D:2      | Noticed Jessica
   180 | D:2      | Slain by Jessica

Illustrated notes

Levels and vault maps discovered:
D:1:      dpeg_arrival_simpleton_b, layout_rooms, serial_shops,
          nicolae_shop_window_shopping, shop_fountains, nicolae_diamond_shop,
          nicolae_shop_hallway_plus, ebering_ecumenical_altar_sacrificial,
          wander_ebering_terrifying_dragon_lair
D:2:      layout_basic, roderic_cross_of_infinity, uniq_jessica, uniq_robin

Action                   || total
-------------------------++-------
 Cast: Magic Dart        ||    16
Armor: Robe              ||     8
Dodge: Dodged            ||    17
